 Dungeon Crawl Stone Soup version 0.19.0-19-g8c6edcc (webtiles) character file.

5731 Rrauwl the Basher (level 10, -1/97 HPs)
             Began as a Gargoyle Fighter on Nov 15, 2016.
             Was an Elder of Okawaru.
             Slain by a skeletal warrior
             ... wielding a +0 war axe of electrocution
             ... led by a skeletal warrior
              (19 damage)
             ... on level 10 of the Dungeon.
             The game lasted 01:19:54 (7152 turns).

Rrauwl the Basher (Gargoyle Fighter)                Turns: 7152, Time: 01:19:54

Health: -1/97      AC: 32    Str: 21    XL:     10   Next: 77%
Magic:  10/10      EV:  2    Int: 10    God:    Okawaru [****..]
Gold:   548        SH:  0    Dex: 16    Spells: 1 memorised, 8 levels left

rFire  . . .     SeeInvis .     g - +2 flail (protect)
rCold  . . .     Gourm    .     (armour currently unavailable)
rNeg   + + +     Faith    .     (no shield)
rPois  ∞         Spirit   .     (helmet currently unavailable)
rElec  .         Reflect  .     (cloak currently unavailable)
rCorr  +         Harm     +     (gloves currently unavailable)
MR     .....     NoTele   +     (boots currently unavailable)
Stlth  +.........               Q - amulet of harm
                                o - +6 ring of dexterity
                                j - ring of resist corrosion

@: tree-form, protection aura, very slightly contaminated, hasted, very quick
A: negative energy resistance 1, (electricity resistance), (unbreathing),
petrification resistance, rot immunity, AC +7
a: Heroism, Renounce Religion


You were on level 10 of the Dungeon.
You worshipped Okawaru.
Okawaru was greatly pleased with you.
You were not hungry.
You were a tree.
You visited 2 branches of the dungeon, and saw 11 of its levels.
You also visited: Sewer.

You collected 548 gold pieces.

Inventory:

Hand Weapons
 g - a +2 flail of protection (weapon)
 w - a +1 flail of holy wrath
 M - a +1 whip of venom
 T - a +1 longbow of velocity
Missiles
 b - 124 arrows
Armour
 c - a +0 robe of cold resistance
 E - a +0 helmet (melded)
 G - a +0 cloak (melded)
 N - a +0 shield
 P - the +1 chain mail of Fun (melded) {rF+ Int+4}
   (You found it on level 7 of the Dungeon)

   It affects your intelligence (+4).
   It protects you from fire.
Magical Staves
 e - an uncursed staff of death
 S - an uncursed staff of power
Jewellery
 j - a ring of resist corrosion (left branch)
 l - an uncursed ring of teleportation
 o - a +6 ring of dexterity (right branch)
 x - an uncursed ring of stealth
 Q - an amulet of harm (around neck)
Wands
 k - a wand of polymorph (6/24)
 m - a wand of disintegration (15/24)
 t - a wand of digging (6/24)
 y - a wand of lightning (7/15)
 H - a wand of random effects (29/48)
 R - a wand of disintegration (5/24)
 U - a wand of flame (22/48)
 V - a wand of lightning (1/15)
 W - a wand of teleportation (4/9)
Scrolls
 i - 5 scrolls of identify
 r - a scroll of teleportation
 s - 3 scrolls of remove curse
 u - 2 scrolls of recharging
 A - 2 scrolls of blinking
 C - a scroll of fear {unknown}
 Y - a scroll of amnesia
Potions
 d - a potion of might
 n - 9 potions of curing
 q - 2 potions of agility
 D - a potion of brilliance
 J - a potion of invisibility
 O - 3 potions of flight
Books
 a - a book of Conjurations

   Spells                             Type                      Level
   a - Magic Dart                     Conjuration                  1
   b - Searing Ray                    Conjuration                  2
   c - Dazzling Spray                 Conjuration/Hexes            3
   d - Fulminant Prism                Conjuration/Hexes            4
   e - Iskenderun's Mystic Blast      Conjuration                  4
   f - Iskenderun's Battlesphere      Conjuration/Charms           5
 F - a book of Cantrips

   Spells                             Type                      Level
   a - Confusing Touch                Hexes                        1
   b - Animate Skeleton               Necromancy                   1
   c - Summon Small Mammal            Summoning                    1
   d - Apportation                    Translocation                1
 K - a book of Misfortune

   Spells                             Type                      Level
   a - Confusing Touch                Hexes                        1
   b - Confuse                        Hexes                        3
   c - Gell's Gravitas                Hexes/Translocation          3
   d - Petrify                        Transmutation/Earth          4
   e - Metabolic Englaciation         Hexes/Ice                    5
   f - Yara's Violent Unravelling     Hexes/Transmutation          5
 X - a book of Clouds

   Spells                             Type                      Level
   a - Mephitic Cloud                 Conjuration/Poison/Air       3
   b - Conjure Flame                  Conjuration/Fire             3
   c - Poisonous Cloud                Conjuration/Poison/Air       6
   d - Freezing Cloud                 Conjuration/Ice/Air          6
   e - Ring of Flames                 Charms/Fire                  7
Comestibles
 f - 14 bread rations
 h - 3 slices of pizza
 p - 28 fruits
 L - 4 meat rations


   Skills:
 + Level 8.7 Fighting
 + Level 10.1 Maces & Flails
 + Level 9.1 Armour
 + Level 7.6 Shields


You had 8 spell levels left.
You knew the following spells:

 Your Spells              Type           Power        Failure   Level  Hunger
a - Apportation           Tloc           #.........   38%         1    ##.....


Dungeon Overview and Level Annotations

Branches:
Dungeon (10/15)            Temple (1/1) D:4            Lair (0/6) D:10
    Orc (0/2) D:10

Altars:
Ashenzari
Cheibriados
Dithmenos
Elyvilon
Fedhas
Gozag
Hepliaklqana
Kikubaaqudgha
Makhleb
Nemelex Xobeh
Okawaru
Qazlal
Ru
Sif Muna
Trog
Uskayaw
Vehumet
Xom
Yredelemnul
Zin
The Shining One

Shops:
D:5 :   D:6 (   D:8 ?


Innate Abilities, Weirdness & Mutations

You are resistant to torment.
((Your stone body is resilient. (AC +7)))
You are immune to poison.
You resist negative energy. (rN+)
((You are resistant to electric shocks. (rElec)))
((You can survive without breathing.))
You are immune to petrification.
You are immune to rotting.


Message History

The skeletal warrior hits you but does no damage.
You are electrocuted!
* * * LOW HITPOINT WARNING * * *
A wraith comes into view.
You barely miss the skeletal warrior.
The skeletal warrior is heavily damaged.
The skeletal warrior hits you but does no damage.
You hit the skeletal warrior but do no damage.
The skeletal warrior is heavily damaged.
You hit the skeletal warrior but do no damage.
The skeletal warrior is heavily damaged.
You closely miss the skeletal warrior.
The skeletal warrior is heavily damaged.
The skeletal warrior hits you but does no damage.
You closely miss the skeletal warrior.
The skeletal warrior is heavily damaged.
The skeletal warrior hits you with a war axe of electrocution.
* * * LOW HITPOINT WARNING * * *
You are electrocuted!
You die...

.#...####.###..### ##...
.###...##......... .....
.#####....##.###.##....#
.##........#.# #......#
##..###.##...###......#
....[...##............#
###.######..####....$.##
≈≈≈.....##..# #.z......
≈≈..........## #♣.......
≈≈..≈≈...............(..
≈≈≈≈≈...###.#####.......
≈≈≈≈.≈..###.# .......
.≈≈≈≈.....#.# ...W...
≈≈≈≈≈.≈...#.# .......
.≈≈≈≈.......# .......
≈≈≈.≈≈≈...### #......
.≈≈≈......#


You could see a skeletal warrior and a wraith.

Vanquished Creatures
  Josephine (D:10)
  A deep elf mage (D:9)
  A troll (D:10)
  A hippogriff (D:7)
  4 wraiths (D:10)
  A water moccasin (D:10)
  The ghost of gitgud34 the Covered, an amateur MiFi of Uskayaw (D:3)
  An ice beast (D:9)
  2 centaurs
  2 wolves (D:10)
  A phantom (D:5)
  A crocodile (D:8)
  6 big kobolds
  3 bullfrogs
  5 scorpions
  5 killer bees (D:8)
  4 electric eels (D:10)
  2 howler monkeys
  4 crimson imps
  A bullfrog zombie (D:6)
  9 hounds
  3 orc priests
  2 gnoll shamans
  7 orc wizards
  Crazy Yiuf (D:6)
  2 iguanas
  8 worker ants
  8 gnolls
  A worker ant zombie (D:5)
  16 adders
  9 river rats (Sewer)
  A shadow imp (D:9)
  An ooze (Sewer)
  3 adder skeletons
  3 worms (D:3)
  8 leopard geckos
  23 orcs
  5 ball pythons
  8 bats
  9 giant cockroaches
  3 goblins
  5 hobgoblins
  5 jackals
  25 kobolds
  4 quokkas
  A ball python skeleton (D:4)
  3 frilled lizards
  A jackal skeleton (D:4)
  3 leopard gecko skeletons
  A quokka zombie (D:6)
  23 rats
248 creatures vanquished.

Vanquished Creatures (others)
  3 jackals (D:10)
3 creatures vanquished.

Grand Total: 251 creatures vanquished

Notes
Turn   | Place    | Note
-------+----------+-------------------------------------------
     0 | D:1      | Rrauwl the Gargoyle Fighter began the quest for the Orb.
     0 | D:1      | Reached XP level 1. HP: 14/14 MP: 1/1
   177 | D:1      | Reached XP level 2. HP: 19/19 MP: 2/2
   396 | D:1      | Reached skill level 3 in Maces & Flails
   619 | D:2      | Reached XP level 3. HP: 19/23 MP: 3/3
  1076 | D:2      | Reached skill level 4 in Maces & Flails
  1352 | D:3      | Reached XP level 4. HP: 26/28 MP: 4/4
  1431 | D:3      | Gained mutation: Your flesh is cold resistant. (rC+) [potion of mutation]
  1431 | D:3      | Gained mutation: You are somewhat resistant to further mutation. [potion of mutation]
  1609 | D:3      | Reached skill level 5 in Maces & Flails
  1609 | D:3      | Reached XP level 5. HP: 20/32 MP: 5/5
  1636 | D:3      | Found a glowing drain.
  1822 | Sewer    | Entered a sewer
  1863 | Sewer    | Noticed a big kobold
  1887 | Sewer    | Killed a big kobold
  1887 | Sewer    | Reached skill level 6 in Maces & Flails
  1887 | Sewer    | Reached XP level 6. HP: 28/37 MP: 6/6
  2072 | Sewer    | Reached skill level 7 in Maces & Flails
  2169 | Sewer    | Reached XP level 7. HP: 28/42 MP: 7/7
  2325 | Sewer    | HP: 2/43 [big kobold/short sword (6)]
  2479 | D:3      | Noticed gitgud34's ghost (amateur MiFi)
  2519 | D:3      | Killed gitgud34's ghost
  2647 | D:4      | Reached skill level 5 in Armour
  2647 | D:4      | Reached XP level 8. HP: 33/48 MP: 8/8
  2847 | D:4      | Found a staircase to the Ecumenical Temple.
  2857 | Temple   | Entered the Ecumenical Temple
  2914 | Temple   | Became a worshipper of Warmaster Okawaru
  3051 | D:4      | Reached skill level 5 in Fighting
  3072 | D:5      | Entered Level 5 of the Dungeon
  3166 | D:5      | Found a shadowy altar of Dithmenos.
  3473 | D:5      | Reached skill level 8 in Maces & Flails
  3751 | D:5      | Found Zughisk's Book Shop.
  3969 | D:6      | Reached * piety under Okawaru
  4110 | D:6      | Reached XP level 9. HP: 52/55 MP: 9/9
  4197 | D:6      | Learned a level 1 spell: Apportation
  4430 | D:6      | Found a runed door.
  4434 | D:6      | Noticed Crazy Yiuf
  4440 | D:6      | Killed Crazy Yiuf
  4493 | D:6      | Found Betuss's Weapon Shoppe.
  4527 | D:6      | Reached skill level 5 in Shields
  4843 | D:7      | Got a brightly glowing chain mail
  4854 | D:7      | Identified the +1 chain mail of Fun {rF+ Int+4} (You found it on level 7 of the Dungeon)
  5106 | D:8      | Reached ** piety under Okawaru
  5109 | D:8      | Reached skill level 9 in Maces & Flails
  5320 | D:8      | Found Elyten's Magic Scroll Shoppe.
  5814 | D:9      | Identified a scroll of acquirement
  6200 | D:9      | Noticed a deep elf mage
  6212 | D:9      | Killed a deep elf mage
  6212 | D:9      | Reached *** piety under Okawaru
  6212 | D:9      | Reached XP level 10. HP: 64/64 MP: 7/10
  6394 | D:10     | Entered Level 10 of the Dungeon
  6394 | D:10     | Found a staircase to the Lair.
  6473 | D:10     | Lost mutation: Your flesh is cold resistant. (rC+) [potion of cure mutation]
  6473 | D:10     | Lost mutation: You are somewhat resistant to further mutation. [potion of cure mutation]
  6721 | D:10     | Found a staircase to the Orcish Mines.
  6986 | D:10     | Noticed Josephine
  7005 | D:10     | Killed Josephine
  7023 | D:10     | Reached skill level 10 in Maces & Flails
  7026 | D:10     | Reached **** piety under Okawaru
  7116 | D:10     | Noticed a skeletal warrior
  7152 | D:10     | Slain by a skeletal warrior

Skill      XL: |  1  2  3  4  5  6  7  8  9 10 |
---------------+-------------------------------+-----
Maces & Flails | 3 4 5 6 7 8 9 10 | 10.1
Armour         | 5 6 8 9 |  9.1
Fighting       | 4 6 7 8 |  8.7
Shields        | 4 6 7 |  7.6

Action                   |  1- 3 |  4- 6 |  7- 9 | 10-12 || total
-------------------------+-------+-------+-------+-------++-------
Melee: Whip              |   147 |       |       |       ||   147
       Flail             |    78 |   241 |   574 |   147 ||  1040
       Unarmed           |       |       |    12 |       ||    12
Invok: Heroism           |       |       |     1 |       ||     1
Evoke: Wand              |       |     3 |     1 |       ||     4
  Use: Scroll            |     7 |     4 |    17 |     1 ||    29
       Potion            |     4 |     2 |     7 |     6 ||    19
 Stab: Invisible         |       |     1 |       |       ||     1
  Eat: Chunk             |     2 |     4 |    12 |     1 ||    19
       Beef jerky        |       |       |     1 |       ||     1
       Royal jelly       |       |       |       |     2 ||     2
Armor: Chain mail        |   132 |   142 |   281 |    74 ||   629
       Skin              |       |       |     2 |     6 ||     8
Dodge: Dodged            |    58 |    47 |   131 |    22 ||   258
Block: Shield            |   129 |   117 |   245 |    40 ||   531
